 Dungeon Sprint DCSS version 0.28.0-53-g5a82cb258f (webtiles) character file.

Game seed: 1713738429902833449

2898 Zeld the Severer (level 9, -19/145 HPs)
             Began as a Minotaur Berserker on June 4, 2022.
             Was a High Priest of Trog.
             Demolished by Frances
             ... wielding a +2 war axe of holy wrath
              (28 damage)
             ... in the Dungeon (Sprint III: "The Ten Rune Challenge").
             The game lasted 00:02:06 (2727 turns).

Zeld the Severer (Minotaur Berserker)               Turns: 2727, Time: 00:02:07

Health: -19/145    AC:  5    Str: 27    XL:     9   Next: 49%
Magic:  8/8        EV: 15    Int:  4    God:    Trog [*****.]
Gold:   49         SH:  0    Dex:  9    Spells: 8/8 levels left

rFire   . . .      SeeInvis .   a - +0 war axe (flame)
rCold   + . .      Faith    .   (no shield)
rNeg    . . .      Spirit   .   b - +0 animal skin
rPois   .          Reflect  .   (helmet restricted)
rElec   .          Harm     .   j - +0 cloak
rCorr   .          Rampage  .   (no gloves)
Will    .....      NoTele   +   (no boots)
Stlth   ..........              (no amulet)
HPRegen 0.34/turn               (no ring)
MPRegen 0.11/turn               (no ring)

@: berserking, very quick
A: horns 2, retaliatory headbutt, cold resistance 1, shaggy fur 1, subdued magic
1
a: Renounce Religion, Berserk, Trog's Hand, Brothers in Arms


You were in the Dungeon.
You worshipped Trog.
Trog was extremely pleased with you.
You visited 1 branch You collected 49 gold pieces.

Inventory:

Hand Weapons
 a - a +0 war axe of flaming (weapon)
Armour
 b - a +0 animal skin (worn)
 j - a +0 cloak (worn)
Scrolls
 h - a scroll of blinking
 l - a scroll of holy word {unknown}
 m - 3 scrolls of identify
 o - a scroll of immolation {unknown}
Potions
 c - 3 potions of curing
 d - a potion of heal wounds
 e - a potion of haste
 f - 2 potions of magic
 g - a potion of berserk rage
 i - a potion of attraction {unknown}
 k - 2 potions of mutation
 n - 2 potions of flight
Miscellaneous
 p - a lightning rod (4/4)


   Skills:
 * Level 15.5 Fighting
 * Level 15.5 Axes
 + Level 11.1 Armour
 + Level 10.2 Dodging


You had 8 spell levels left.
You didn't know any spells.
Your spell library was empty.

Dungeon Overview and Level Annotations

Branches:
Dungeon (1/1)

Altars:
Cheibriados
Dithmenos
Elyvilon
Fedhas
Gozag
Hepliaklqana
Kikubaaqudgha
Makhleb
Nemelex Xobeh
Okawaru
Qazlal
Ru
Sif Muna
Trog
Uskayaw
Vehumet
Wu Jian
Xom
Yredelemnul
Zin
The Shining One
Beogh
Jiyva
Lugonu

Annotations:
D Donald, Frances


Innate Abilities, Weirdness & Mutations

You have a pair of horns on your head.
You reflexively headbutt those who attack you in melee.
Your flesh is cold resistant. (rC+)
You are covered in fur. (AC +1)
Your spells are a little easier to cast, but a little less powerful.


Message History

You closely miss Frances.
Frances is lightly wounded.
Donald blocks your attack.
Donald hits you with a +4 war axe of holy wrath!!!
Frances chants phrases taken from a devil's mouth.
Unknown command.
You are too injured to fight recklessly!
Unknown command.
You are too injured to fight recklessly!
Unknown command.
You are too injured to fight recklessly!
Unknown command.
You slice Frances!! You burn Frances. Your headbutt misses Frances.
Frances is heavily wounded.
Donald blocks your attack.
Unknown command.
You slash Frances! You burn Frances. You headbutt Frances!
Frances is severely wounded.
Donald blocks your attack.
Unknown command.
Unknown command.
You barely miss Frances.
Frances is severely wounded.
You slash Donald! You burn Donald.
Donald hits you with a +4 war axe of holy wrath!!!
* * * LOW HITPOINT WARNING * * *
Frances hits you with a +2 war axe of holy wrath!!
* * * LOW HITPOINT WARNING * * *
Unknown command.
Unknown command.
You slash Frances! You burn Frances.
Frances is almost dead.
Donald blocks your attack.
Unknown command.
Unknown command.
You slash Frances! You burn Frances.
Frances is almost dead.
Donald blocks your attack.
Frances hits you with a +2 war axe of holy wrath!!
You die...

#....#.#.#.....#^.....+
##.#).#.##.###.#.^^...#
'##.#)#.##)#))##......#
#..)#..#..##.)'...^...#
▓▓▓▓▓▓▓▓▓▓▓▓▓▓#.......#
#...^^..# +.......#
#^.^^.^.# ##@######
#@@.+ #.4.# #...# #####


You could see Frances, Donald (strong) and a red devil (summoned).

Vanquished Creatures
  Erolcha (D)
  A deep elf pyromancer (D)
  A shadow (D)
  2 redbacks (D)
  A spatial vortex (D)
  A necrophage (D)
  5 two-headed ogres (D)
  A water elemental (D)
  A jelly (D)
  Crazy Yiuf (D)
  A wizard (D)
  Jessica (D)
  A necromancer (D)
  3 humans (D)
  A kobold demonologist (D)
  An endoplasm (D)
  2 rats (D)
25 creatures vanquished.

Notes
Turn   | Place    | Note
-------+----------+-------------------------------------------
     0 | D        | Zeld the Minotaur Berserker began the quest for the Orb.
     0 | D        | Reached XP level 1. HP: 19/19 MP: 0/0
    86 | D        | Noticed Jessica
    92 | D        | Killed Jessica
    92 | D        | Reached ** piety under Trog
    93 | D        | Reached skill level 5 in Fighting
    93 | D        | Reached skill level 5 in Axes
    93 | D        | Reached XP level 2. HP: 27/29 MP: 1/1
   101 | D        | Reached XP level 3. HP: 23/36 MP: 2/2
   302 | D        | Noticed Crazy Yiuf
   308 | D        | Killed Crazy Yiuf
   311 | D        | Reached XP level 4. HP: 22/45 MP: 0/3
   433 | D        | Gained mutation: You are partially covered in iridescent
                  | scales. (AC +2) [potion of mutation]
   433 | D        | Gained mutation: You are weak. (Str -2) [potion of
                  | mutation]
   502 | D        | Lost mutation: You are partially covered in iridescent
                  | scales. (AC +2) [potion of mutation]
   502 | D        | Lost mutation: You are weak. (Str -2) [potion of mutation]
   502 | D        | Gained mutation: You are covered in fur. (AC +1) [potion of
                  | mutation]
   502 | D        | Gained mutation: Your spells are a little easier to cast,
                  | but a little less powerful. [potion of mutation]
   502 | D        | Gained mutation: Your flesh is cold resistant. (rC+)
                  | [potion of mutation]
   574 | D        | Noticed a water elemental
   578 | D        | Killed a water elemental
   578 | D        | Reached *** piety under Trog
   579 | D        | Reached skill level 5 in Armour
   606 | D        | Found a radiant altar of Vehumet.
   606 | D        | Found a shimmering blue altar of Sif Muna.
   606 | D        | Found an ancient bone altar of Kikubaaqudgha.
   606 | D        | Noticed a wizard
   610 | D        | Noticed a smoke demon
   611 | D        | Noticed a neqoxec
   611 | D        | Killed a wizard
   612 | D        | Reached skill level 5 in Dodging
   612 | D        | Reached XP level 5. HP: 38/53 MP: 4/4
   918 | D        | Found a glowing silver altar of Zin.
   918 | D        | Found a glowing golden altar of the Shining One.
   918 | D        | Found a white marble altar of Elyvilon.
   919 | D        | Noticed a deep elf pyromancer
   934 | D        | Killed a deep elf pyromancer
   934 | D        | Reached **** piety under Trog
   935 | D        | Reached XP level 6. HP: 8/68 MP: 5/5
   935 | D        | Reached XP level 7. HP: 9/74 MP: 6/6
  1279 | D        | Found a hide-covered altar of Uskayaw.
  1279 | D        | Found an iron altar of Okawaru.
  1279 | D        | Found a bloodstained altar of Trog.
  1279 | D        | Found an ornate altar of the Wu Jian Council.
  1279 | D        | Noticed a human
  1280 | D        | Noticed a human
  1293 | D        | Killed a human
  1296 | D        | Killed a human
  1488 | D        | Found a basalt altar of Yredelemnul.
  1488 | D        | Found a shadowy altar of Dithmenos.
  1488 | D        | Found a sacrificial altar of Ru.
  1496 | D        | Reached ***** piety under Trog
  1558 | D        | Noticed a shadow
  1563 | D        | Reached XP level 8. HP: 70/85 MP: 7/7
  1674 | D        | Found a blossoming altar of Fedhas.
  1674 | D        | Found a stormy altar of Qazlal.
  1674 | D        | Found a snail-covered altar of Cheibriados.
  1674 | D        | Found a burning altar of Makhleb.
  1674 | D        | Found a shimmering altar of Xom.
  1676 | D        | Found a hazy altar of Hepliaklqana.
  1676 | D        | Found an opulent altar of Gozag.
  1676 | D        | Found a sparkling altar of Nemelex Xobeh.
  1676 | D        | Found a corrupted altar of Lugonu.
  1676 | D        | Found a viscous altar of Jiyva.
  2148 | D        | Noticed a two-headed ogre
  2154 | D        | Killed a two-headed ogre
  2155 | D        | Reached skill level 10 in Armour
  2227 | D        | Noticed a two-headed ogre
  2227 | D        | Noticed Erolcha
  2232 | D        | Killed Erolcha
  2233 | D        | Reached XP level 9. HP: 96/96 MP: 8/8
  2242 | D        | Received a gift from Trog
  2243 | D        | Reached skill level 15 in Fighting
  2243 | D        | Reached skill level 15 in Axes
  2246 | D        | Killed a two-headed ogre
  2247 | D        | Reached skill level 10 in Dodging
  2717 | D        | Noticed Donald
  2717 | D        | Noticed Frances
  2723 | D        | Noticed a red devil
  2727 | D        | Demolished by Frances

Illustrated notes

Levels and vault maps discovered:
D:        dungeon_sprint_mu [sprint_mu_entry_cave, sprint_mu_temple_rooms,
          sprint_mu_d1_spiders, sprint_mu_d2_genie, sprint_mu_d3_branching,
          sprint_mu_orc_legion, sprint_mu_elf_gauntlet, sprint_mu_hive_nellie,
          sprint_mu_lair_fedhas, sprint_mu_vaults_butterflies,
          sprint_mu_slime_circle, sprint_mu_swamp_cave, sprint_mu_shoals_kraken,
          sprint_mu_blade_basic, sprint_mu_crypt_lich, sprint_mu_tomb_spiral,
          sprint_mu_vestibule_basic, sprint_mu_gehenna_hellfire,
          sprint_mu_dis_giant, sprint_mu_tartarus_statrot,
          sprint_mu_cocytus_islands, sprint_mu_zot1]

Skill      XL: |  1  2  3  4  5  6  7  8  9 |
---------------+----------------------------+-----
Fighting       | 5 6 8 11 12 14 15 | 15.5
Axes           | 5 6 8 11 12 14 15 | 15.5
Armour         | 3 4 5 7 8 10 11 | 11.1
Dodging        | 3 4 5 7 8 9 10 | 10.2

Action                   |  1- 3 |  4- 6 |  7- 9 || total
-------------------------+-------+-------+-------++-------
Melee: Hand axe          |    13 |    24 |    79 ||   116
       Headbutt          |     1 |     3 |    14 ||    18
       Punch             |       |     1 |     2 ||     3
       War axe           |       |       |     8 ||     8
Invok: Berserk           |     2 |     3 |     5 ||    10
  Use: Potion            |       |     2 |       ||     2
Armor: Animal skin       |     1 |     4 |     4 ||     9
Dodge: Dodged            |     5 |     3 |    39 ||    47
